 Dungeon Crawl Stone Soup version 0.30-a0-4-ga7cffc901d (webtiles) character file.

Game seed: 6588593404554381191

36 SensoryNuts the Cutter (level 3, 0/23 HPs)
             Began as a Kobold Fighter on Aug 20, 2022.
             Slain by a hobgoblin (3 damage)
             ... on level 2 of the Dungeon.
             The game lasted 00:01:51 (1196 turns).

SensoryNuts the Cutter (Kobold Fighter)             Turns: 1196, Time: 00:01:52

Health: 0/23       AC:  3    Str: 15    XL:     3   Next: 57%
Magic:  3/3        EV: 10    Int:  9    God:
Gold:   122        SH:  6    Dex: 14    Spells: 2/2 levels left

rFire   . . .      SeeInvis .    a - +1 rapier (venom)
rCold   . . .      Faith    .    c - +1 buckler
rNeg    . . .      Spirit   .    b - +0 scale mail
rPois   .          Reflect  .    (no helmet)
rElec   .          Harm     .    (no cloak)
rCorr   .          Rampage  .    (no gloves)
Will    .....                    (no boots)
Stlth   +.........               (no amulet)
HPRegen 0.07/turn                (no ring)
MPRegen 0.08/turn                (no ring)

@: no status effects
A: small, no large weapons, nightstalker 3, hooves 1, deformed body
a: no special abilities


You were on level 2 of the Dungeon.
You visited 1 branch of the dungeon, and saw 2 of its levels.

You collected 122 gold pieces.

Inventory:

Hand Weapons
 a - a +1 rapier of venom (weapon)
 i - a +1 dagger of distortion
Armour
 b - a +0 scale mail (worn)
 c - a +1 buckler (worn)
Potions
 d - a potion of might
 j - a potion of magic {unknown}
 k - a potion of invisibility {unknown}
 l - a potion of heal wounds {unknown}


   Skills:
 + Level 3.6 Fighting
 * Level 3.9 Short Blades
 + Level 2.6 Armour
 + Level 2.6 Shields


You had 2 spell levels left.
You didn't know any spells.
Your spell library contained the following spells:

 Spells                   Type           Power      Damage    Failure   Level
 Sandblast                Erth           0%         2d4       93%         1
 Passwall                 Tmut/Erth      0%         N/A       98%         2
 Stone Arrow              Conj/Erth      0%         3d7       100%        3


Dungeon Overview and Level Annotations

Branches:
Dungeon (2/15)

Altars:


Innate Abilities, Weirdness & Mutations

You are small and have problems with some larger weapons.
You are completely attuned to the shadows.
You have large cloven feet.
Armour fits poorly on your strangely shaped body.


Message History

Your magical essence no longer links to wands of the dungeon.
You feel genetically unstable.
Your body twists and deforms.
Done exploring.
Done exploring.
Done exploring.
Done exploring.
There is a stone staircase leading down here.
You climb downwards.
There is a stone staircase leading up here.
Key pressed, stopping explore.
A gnoll comes into view. It is wielding a +0 spear.
The gnoll shouts!
You hear a shout!
A gnoll is nearby!
The gnoll hits you from afar with a +0 spear!
A gnoll is nearby!
A gnoll comes into view. It is wielding a +0 club.
The gnoll completely misses you.
You barely miss the gnoll.
You start to feel less resistant.
The gnoll barely misses you.
You hit the gnoll.
The gnoll is poisoned.
The gnoll is lightly wounded.
A hobgoblin comes into view.
You hit the gnoll.
The gnoll is poisoned.
The gnoll is heavily wounded.
You block the gnoll's attack.
You closely miss the gnoll. Your kick misses the gnoll.
The gnoll is heavily wounded.
A gnoll comes into view. It is wielding a +0 halberd.
The gnoll hits you from afar with a +0 spear.
You hit the gnoll.
The gnoll looks as sick as possible!
You kick the gnoll, but do no damage.
The gnoll is severely wounded.
You kill the gnoll!
The gnoll hits you from afar with a +0 spear.
Your resistance to elements expires.
The gnoll hits you from afar with a +0 halberd!
* * * LOW HITPOINT WARNING * * *
The hobgoblin hits you.
You die...

### .###
#.##.....
####<#......
#....#......
............
#.###.)@g...
#. ....g....
#######g..
... ..


You could see 2 gnolls and a hobgoblin.

Vanquished Creatures
  A gnoll (D:2)
  A dart slug (D:1)
  4 bats (D:1)
  3 endoplasms (D:1)
  2 goblins (D:1)
  A hobgoblin (D:1)
  A quokka (D:1)
  4 ball pythons (D:1)
  4 kobolds (D:1)
21 creatures vanquished.

Notes
Turn   | Place    | Note
-------+----------+-------------------------------------------
     0 | D:1      | SensoryNuts the Kobold Fighter began the quest for the Orb.
     0 | D:1      | Reached XP level 1. HP: 14/14 MP: 1/1
   293 | D:1      | Reached XP level 2. HP: 19/19 MP: 2/2
   549 | D:1      | Reached XP level 3. HP: 23/23 MP: 3/3
  1156 | D:1      | Gained mutation: You have a pair of small antennae on your
                  | head. [potion of mutation]
  1156 | D:1      | Gained mutation: Your muscles are strong. (Str +4, Int/Dex
                  | -1) [potion of mutation]
  1156 | D:1      | Gained mutation: You are strong-willed. (Will+) [potion of
                  | mutation]
  1156 | D:1      | Gained mutation: You expend magic power (3 MP) to
                  | strengthen your wands. [potion of mutation]
  1157 | D:1      | Lost mutation: Your muscles are strong. (Str +4, Int/Dex
                  | -1) [potion of mutation]
  1157 | D:1      | Lost mutation: You are strong-willed. (Will+) [potion of
                  | mutation]
  1157 | D:1      | Lost mutation: You have a pair of small antennae on your
                  | head. [potion of mutation]
  1157 | D:1      | Gained mutation: You have large cloven feet. [potion of
                  | mutation]
  1157 | D:1      | Gained mutation: You are somewhat resistant to further
                  | mutation. [potion of mutation]
  1158 | D:1      | Lost mutation: You expend magic power (3 MP) to strengthen
                  | your wands. [potion of mutation]
  1158 | D:1      | Lost mutation: You are somewhat resistant to further
                  | mutation. [potion of mutation]
  1158 | D:1      | Gained mutation: Armour fits poorly on your strangely
                  | shaped body. [potion of mutation]
  1196 | D:2      | Slain by a hobgoblin

Illustrated notes

Levels and vault maps discovered:
D:1:      amcnicky_arrival_wind_blow, layout_basic, chequers_serial_rivers_marsh
D:2:      layout_basic, serial_shops, nicolae_shop_bloodbath_and_beyond,
          uniq_crazy_yiuf_cottage

Skill      XL: |  1  2 |
---------------+-------+-----
Short Blades   | 3 |  3.9
Fighting       | |  3.6
Armour         | |  2.6
Shields        | |  2.6

Action                   || total
-------------------------++-------
Melee: Rapier            ||    15
       Dagger            ||    43
       Kick              ||     1
  Use: Potion            ||     4
       Scroll            ||     3
Armor: Scale mail        ||    15
Dodge: Dodged            ||    20
Block: Buckler           ||    16

Table legend: (Time is in decaauts)
 A = Elapsed time spent in this place.
 B = Non-inter-level travel time spent in this place.
 C = Inter-level travel time spent in this place.
 D = Time resting spent in this place.
 E = Time spent auto-exploring this place.
 F = Levels seen in this place.
 G = Mean time per level.
                   A        B        C        D        E       F      G
               +--------+--------+--------+--------+--------+-----+--------+
         Total |   1196 |   1169 |     27 |      0 |   1032 |   2 |  598.0 |
       Dungeon |   1196 |   1169 |     27 |      0 |   1032 |   2 |  598.0 |
               +--------+--------+--------+--------+--------+-----+--------+

Top non-repeatable levels by time:
     D:1: 1187 daAuts
     D:2: 9 daAuts
